 Dungeon Crawl Stone Soup version 0.29-a0-251-g80730f7218 (webtiles) character file.

Game seed: 1353574802299784902

1771 GreyFruit the Ogre Mage (level 9, -11/75 (84) HPs)
             Began as an Ogre Fire Elementalist on Mar 5, 2022.
             Mangled by Edmund
             ... wielding a +2 flail of draining
              (15 damage)
             ... on level 6 of the Dungeon.
             The game lasted 00:14:29 (7833 turns).

GreyFruit the Ogre Mage (Ogre Fire Elementalist)    Turns: 7833, Time: 00:14:30

HP:   -11/75 (84)   AC:  3    Str: 14    XL:     9   Next: 7%
MP:   12/19         EV: 10    Int: 26    God:
Gold: 269           SH:  0    Dex:  9    Spells: 15/22 levels left

rFire   . . .      SeeInvis .   e - +2 dagger (venom)
rCold   . . .      Faith    .   (no shield)
rNeg    . . .      Spirit   .   a - +0 robe
rPois   .          Reflect  .   (helmet restricted)
rElec   .          Harm     .   j - scarf {repulsion}
rCorr   .          Rampage  .   (gloves unavailable)
Will    .....                   (boots unavailable)
Stlth   ++........              (no amulet)
HPRegen 0.22/turn               d - +6 ring of intelligence
MPRegen 0.16/turn               r - +4 ring of slaying

@: heavily drained, repel missiles
A: large, unfitting armour, tough skin 1
a: no special abilities


You were on level 6 of the Dungeon.
You visited 1 branch of the dungeon, and saw 6 of its levels.

You collected 269 gold pieces.

Inventory:

Hand Weapons
 e - a +2 dagger of venom (weapon)
Armour
 a - a +0 robe (worn)
 j - a scarf of repulsion (worn)
Jewellery
 c - a ring of willpower
 d - a +6 ring of intelligence (left hand)
 r - a +4 ring of slaying (right hand)
 w - an amulet of faith
Scrolls
 b - a scroll of enchant weapon {unknown}
 f - 5 scrolls of identify {unknown}
 h - a scroll of vulnerability {unknown}
 k - 2 scrolls of fog {unknown}
 n - 2 scrolls of blinking {unknown}
 o - 2 scrolls of enchant armour {unknown}
 p - 2 scrolls of teleportation {unknown}
 q - a scroll of noise {unknown}
 s - 4 scrolls of fear {unknown}
 u - a scroll of magic mapping {unknown}
 y - a scroll of holy word {unknown}
Potions
 g - 3 potions of might {unknown}
 i - a potion of heal wounds {unknown}
 l - a potion of curing {unknown}
 m - a potion of flight {unknown}
 t - a potion of haste {unknown}
 v - a potion of brilliance {unknown}
 x - a potion of attraction {unknown}
 z - a potion of mutation {unknown}


   Skills:
 + Level 4.1 Fighting
 + Level 3.0 Short Blades
 + Level 3.3 Dodging
 - Level 2.6 Stealth
 + Level 7.0 Spellcasting
 + Level 4.1 Conjurations
 + Level 5.5 Fire Magic


You had 15 spell levels left.
You knew the following spells:

 Your Spells              Type           Power      Damage    Failure   Level
a - Foxfire               Conj/Fire      100%       2x1d9     1%          1
b - Scorch                Fire           76%        2d9       1%          2
c - Flame Wave            Conj/Fire      34%        2d8       9%          4

Your spell library contained the following spells:

 Spells                   Type           Power      Damage    Failure   Level
 Conjure Flame            Conj/Fire      34%        6-21      2%          3
 Beastly Appendage        Tmut           18%        N/A       6%          1
 Freeze                   Ice            36%        1d6       6%          1
 Inner Flame              Hex/Fire       23%        N/A       6%          3
 Wereblood                Tmut           9%         N/A       10%         2
 Frozen Ramparts          Ice            18%        1d3       19%         3
 Spider Form              Tmut/Pois      9%         N/A       19%         3
 Hailstorm                Conj/Ice       19%        3d6       26%         4


Dungeon Overview and Level Annotations

Branches:
Dungeon (6/15)
 Temple: D:4-7

Altars:

Shops:
D:1 (

Annotations:
D:6 Edmund


Innate Abilities, Weirdness & Mutations

You are too large for most types of armour.
You have tough skin. (AC +1)


Message History

The foxfire hits Edmund but does no damage.
Edmund is heavily wounded.
The foxfire hits Edmund but does no damage.
Edmund is heavily wounded.
The foxfire hits Edmund.
Edmund is heavily wounded.
You hit Edmund.
Edmund is severely wounded.
Something hits you.
Deactivating autopickup; reactivate with Ctrl-A.
Edmund hits you with a +2 flail of draining.
You feel drained.
You conjure some foxfire!
Something hits you. Edmund hits you but does no damage.
You feel drained.
You barely miss Edmund.
Edmund is severely wounded.
The foxfire hits Edmund but does no damage.
Edmund is severely wounded.
The foxfire hits something.
Edmund hits you with a +2 flail of draining!
You feel drained. Something hits you!
You conjure some foxfire!
Something hits you.
Edmund hits you with a +2 flail of draining!
You feel drained.
You are too injured to fight recklessly!
The foxfire hits Edmund.
Edmund is almost dead.
The foxfire hits Edmund.
Edmund is almost dead.
Something hits you.
* * * LOW HITPOINT WARNING * * *
Casting: Foxfire (safe; 1% risk of failure)
Press: ? - help, Q - select action, (/) - cycle Dir - look around, f - activate You conjure some foxfire!
Something hits you.
* * * LOW HITPOINT WARNING * * *
Something hits you!
* * * LOW HITPOINT WARNING * * *
Edmund hits you with a +2 flail of draining!
You die...

#.# [. .
##.... #.#
.# ''
#..... #.#
.# ...
######
#.###
##.##..
#...#
#....
###.#
##..# #.#
#..># #.#
#.@## #.#
#@v#
#.#####v.#
#........#
#######..#
#..# #..#
#.). #....
#.####


You could see Edmund (ally target).

Vanquished Creatures
  A water moccasin (D:4)
  2 black bears
  3 sky beasts
  An ice beast (D:5)
  3 ogres (D:5)
  2 phantoms
  A bullfrog (D:4)
  2 hounds
  4 orc priests
  2 jellies
  A gnoll shaman (D:4)
  3 iguanas
  4 orc wizards
  3 adders
  5 gnolls (D:4)
  An ufetubus (D:5)
  7 worms
  A dart slug (D:3)
  23 orcs
  7 ball pythons
  A bat (D:2)
  4 endoplasms
  4 giant cockroaches
  9 goblins
  8 hobgoblins
  12 jackals
  4 kobolds (D:1)
  3 quokkas
  A frilled lizard (D:1)
  5 rats
127 creatures vanquished.

Vanquished Creatures (others)
  354 foxfires
354 creatures vanquished.

Grand Total: 481 creatures vanquished

Notes
Turn   | Place    | Note
-------+----------+-------------------------------------------
     0 | D:1      | GreyFruit the Ogre Fire Elementalist began the quest for
                  | the Orb.
     0 | D:1      | Reached XP level 1. HP: 16/16 MP: 3/3
   167 | D:1      | Reached XP level 2. HP: 24/24 MP: 0/5
   349 | D:1      | Found Mohupnal's Weapon Shoppe.
   662 | D:1      | Reached skill level 3 in Spellcasting
   939 | D:1      | Reached XP level 3. HP: 31/31 MP: 4/7
  1204 | D:2      | Found a faded altar of an unknown god.
  1590 | D:2      | Reached skill level 1 in Conjurations
  2090 | D:2      | Reached XP level 4. HP: 39/39 MP: 2/9
  2696 | D:3      | Reached XP level 5. HP: 21/46 MP: 3/10
  3167 | D:3      | Reached skill level 1 in Short Blades
  3952 | D:4      | Noticed a black bear
  4008 | D:3      | Killed a black bear
  4009 | D:3      | Reached skill level 1 in Fighting
  4009 | D:3      | Reached skill level 4 in Spellcasting
  4009 | D:3      | Reached XP level 6. HP: 37/55 MP: 7/12
  4110 | D:3      | Learned a level 2 spell: Scorch
  4115 | D:3      | Learned a level 4 spell: Flame Wave
  4219 | D:4      | Noticed a water moccasin
  4226 | D:4      | Killed a water moccasin
  4592 | D:4      | Reached XP level 7. HP: 61/63 MP: 11/14
  4907 | D:4      | Reached skill level 5 in Spellcasting
  5523 | D:5      | Entered Level 5 of the Dungeon
  6016 | D:5      | Reached XP level 8. HP: 74/74 MP: 11/16
  6068 | D:5      | Reached skill level 6 in Spellcasting
  6389 | D:5      | Reached skill level 5 in Fire Magic
  7573 | D:6      | Reached skill level 7 in Spellcasting
  7573 | D:6      | Reached XP level 9. HP: 59/84 MP: 17/19
  7819 | D:6      | Noticed Edmund
  7833 | D:6      | Mangled by Edmund

Illustrated notes

Levels and vault maps discovered:
D:1:      dpeg_arrival_erosion, layout_loops_cross, serial_shops, shop_statue
D:2:      layout_basic, nicolae_ecumenical_lake_church, kennysheep_small_spiral,
          chequers_serial_rivers_small_b
D:3:      layout_loops_ring, hangedman_decor_diamond_cutter
D:4:      layout_loops_ring
D:5:      layout_cave_pools, nicolae_zen_rock_garden,
          hangedman_abyss_or_decor_passed,
          hangedman_abyss_or_decor_jellyfish_corner, nicolae_wormholes
D:6:      layout_loops_ring, gammafunk_temple_overflow_claw,
          kennysheep_generic_room_12, uniq_edmund

Skill      XL: |  1  2  3  4  5  6  7  8  9 |
---------------+----------------------------+-----
Dodging        | 2 3 |  3.3
Fire Magic     | 3 4 5 |  5.5
Spellcasting   | 3 4 5 7 |  7.0
Conjurations   | 1 2 3 4 |  4.1
Short Blades   | 1 2 3 |  3.0
Fighting       | 1 2 4 |  4.1
Stealth        | 2 |  2.6

Action                   |  1- 3 |  4- 6 |  7- 9 || total
-------------------------+-------+-------+-------++-------
Melee: Dagger            |    28 |    69 |    95 ||   192
       Unarmed           |     4 |       |       ||     4
       Punch             |     2 |     1 |     2 ||     5
 Cast: Foxfire           |    63 |    68 |   104 ||   235
       Scorch            |       |       |     8 ||     8
 Stab: Sleeping          |       |     2 |     2 ||     4
Armor: Robe              |     9 |    17 |    12 ||    38
Dodge: Dodged            |    15 |    56 |    35 ||   106

Table legend: (Time is in decaauts)
 A = Elapsed time spent in this place.
 B = Non-inter-level travel time spent in this place.
 C = Inter-level travel time spent in this place.
 D = Time resting spent in this place.
 E = Time spent auto-exploring this place.
 F = Levels seen in this place.
 G = Mean time per level.
                   A        B        C        D        E       F      G
               +--------+--------+--------+--------+--------+-----+--------+
         Total |   7822 |   7572 |    250 |      0 |   6679 |   6 | 1303.7 |
       Dungeon |   7822 |   7572 |    250 |      0 |   6679 |   6 | 1303.7 |
               +--------+--------+--------+--------+--------+-----+--------+

Top non-repeatable levels by time:
     D:4: 1727 daAuts
     D:2: 1483 daAuts
     D:3: 1424 daAuts
     D:5: 1316 daAuts
     D:1: 1123 daAuts
     D:6: 747 daAuts
